 Dungeon Crawl Stone Soup version 0.19-a0-934-gf1df8d1 (webtiles) character file.

151 rageheart7 the Slasher (level 5, 0/32 HPs)
             Began as a Tengu Gladiator on July 7, 2016.
             Succumbed to an adder's poison
             ... in a sewer.
             The game lasted 00:05:02 (1821 turns).

rageheart7 the Slasher (Tengu Gladiator)            Turns: 1821, Time: 00:05:03

Health: 0/32       AC:  3    Str: 15 (16) XL:     5   Next: 33%
Magic:  6/6        EV: 12    Int: 10 (13) God:
Gold:   154        SH:  3    Dex: 12 (15) Spells: 0 memorised, 4 levels left

rFire  . . .     SeeInvis .     o - +2 dagger (elec)
rCold  . . .     Gourm    .     b - +0 leather armour
rNeg   . . .     Faith    .     h - +0 buckler
rPois  .         Spirit   .     c - +0 hat
rElec  .         Dismiss  .     (no cloak)
rCorr  .         Reflect  .     (no gloves)
SustAt .         Harm     .     (boots unavailable)
MR     .....                    (no amulet)
Stlth  +.........               (no ring)
                                (no ring)

@: brilliant, lethally poisoned (0 -> -6), not resistant to hostile
enchantments, very unstealthy
A: beak, talons 3, able to fly 1
a: Fly


You were in a sewer.
You were not hungry.

You visited 1 branch of the dungeon, and saw 3 of its levels.
You also visited: Sewer.

You collected 154 gold pieces.

Inventory:

Hand Weapons
 a - a +0 long sword
 o - a +2 dagger of electrocution (weapon)
Missiles
 d - 3 throwing nets (quivered)
 m - 5 javelins
Armour
 b - a +0 leather armour (worn)
 c - a +0 hat (worn)
 h - a +0 buckler (worn)
Jewellery
 v - an uncursed ring of flight {unknown}
Scrolls
 i - 3 scrolls of identify {unknown}
 k - a scroll of recharging {unknown}
 l - 2 scrolls of amnesia {unknown}
 r - a scroll of teleportation {unknown}
 t - a scroll of blinking {unknown}
 w - a scroll of immolation {unknown}
 A - a scroll of remove curse {unknown}
 B - 2 scrolls of enchant weapon {unknown}
Potions
 u - a potion of cancellation
 x - a potion of flight {unknown}
 C - a potion of brilliance
Books
 y - a book of the Tempests

   Spells                             Type                      Level
   a - Static Discharge               Conjuration/Air              3
   b - Lightning Bolt                 Conjuration/Air              5
   c - Fireball                       Conjuration/Fire             5
   d - Tornado                        Air                          9
   e - Shatter                        Earth                        9
Comestibles
 f - 3 bread rations
 g - 2 slices of pizza
 p - 3 fruits
 q - 3 chunks of flesh
 z - a meat ration


   Skills:
 + Level 2.8 Fighting
 + Level 1.3(3.8) Short Blades
 * Level 5.7(5.8) Long Blades
 - Level 2.0 Throwing
 - Level 3.2 Dodging


You had 4 spell levels left.
You didn't know any spells.

Dungeon Overview and Level Annotations

Branches:
Dungeon (3/15)

Altars:


Innate Abilities, Weirdness & Mutations

You have a beak for a mouth.
You have claws for feet.
You can fly.


Message History

* * * LOW HITPOINT WARNING * * *
You closely miss the adder. Your kick misses the adder.
* * * LOW HITPOINT WARNING * * *
You feel sick. The adder misses you. The ooze closely misses you.
You puncture the adder!
There is a sudden explosion of sparks!
You kill the adder!
You puncture the ooze! You peck the ooze.
You kill the ooze!
* * * LOW HITPOINT WARNING * * *
You feel sick.
It was a potion of magic.
Magic courses through your body.
It was a potion of cancellation.
Your magical effects are unravelling.
You feel magically purged.
You feel a little less mighty now.
* * * LOW HITPOINT WARNING * * *
You feel sick.
It was a potion of brilliance.
You feel clever all of a sudden.
You die...

b.≈#
#.≈##
#...
#..#
##..##
#....##
##.∩...#
#..†...#
#∩.@...#
##.††.##
#...##
#####


There were no monsters in sight!

Vanquished Creatures
  A worker ant (D:3)
  6 adders
  3 oozes
  A worm (D:3)
  2 giant geckos
  An orc (D:3)
  2 ball pythons
  A bat (D:1)
  6 giant cockroaches
  5 goblins
  5 hobgoblins
  7 jackals (D:1)
  3 giant newts
  8 kobolds
  5 rats
56 creatures vanquished.

Notes
Turn   | Place    | Note
-------+----------+-------------------------------------------
     0 | D:1      | rageheart7 the Tengu Gladiator began the quest for the Orb.
     0 | D:1      | Reached XP level 1. HP: 12/12 MP: 2/2
   186 | D:1      | Reached XP level 2. HP: 14/17 MP: 3/3
   197 | D:1      | Reached skill level 4 in Long Blades
   563 | D:1      | Reached XP level 3. HP: 18/21 MP: 4/4
  1248 | D:2      | Found a faded altar of an unknown god.
  1323 | D:2      | Reached skill level 5 in Long Blades
  1323 | D:2      | Reached XP level 4. HP: 24/27 MP: 5/5
  1712 | D:3      | Gained mutation: You can fly. [Tengu growth]
  1712 | D:3      | Reached XP level 5. HP: 30/32 MP: 6/6
  1718 | D:3      | Found a glowing drain.
  1788 | D:3      | Reached skill level 1 in Short Blades
  1804 | Sewer    | Entered a sewer
  1810 | Sewer    | HP: 1/32 [adder (2)]
  1820 | Sewer    | HP: 1/32 [poisoned by an adder]
  1821 | Sewer    | Succumbed to an adder's poison

Vault maps used:
D:1:      dpeg_arrival_tiny_d, kennysheep_decorative_pillar,
          minmay_split_cup_large
D:2:      ecumenical_altar_2
D:3:      gup_sewer_entry_glass, uniq_robin
Sewer:    sewer_fruit_machine

Skill      XL: |  1  2  3  4  5 |
---------------+----------------+-----
Long Blades    | 4 5 |  5.7
Short Blades   | 1 |  1.3
Fighting       | |  2.8
Throwing       | |  2.0
Dodging        | |  3.2

Action                   |  1- 3 |  4- 6 || total
-------------------------+-------+-------++-------
Melee: Long sword        |    24 |       ||    24
       Kick              |    29 |    11 ||    40
       Peck              |    14 |    14 ||    28
       Short sword       |    71 |       ||    71
       Dagger            |    15 |    56 ||    71
  Use: Potion            |       |     6 ||     6
 Stab: Sleeping          |       |     1 ||     1
  Eat: Chunk             |     1 |     2 ||     3
Armor: Leather armour    |    12 |    10 ||    22
Dodge: Dodged            |    52 |    38 ||    90
Block: Buckler           |    17 |    11 ||    28
